Map: Ascension to Aiur LE

Players

Nerchio - Winner!

  • Race: Zerg Zerg
  • Spawn Location: 11:00

Stephano

  • Race: Zerg Zerg
  • Spawn Location: 5:00

Event: WCS Valencia 2017

VOD

Have the link to the VOD?

Description

Time

  • Played on: July 14, 2017, 7:47 a.m.
  • Length: 7:44

All games in this series

Show
View Real Time Build Order
Export as new Build Order

Nerchio Zerg - Winner!

Build Orders: Hatch First 

Get SALT Encoding   

  12  0:00  Drone  
  13  0:12  Overlord  
  13  0:17  Drone  
  14  0:30  Drone x2  
  14  0:34  Drone  
  17  0:52  Hatchery  
  17  0:55  Drone  
  17  0:59  Drone  
  18  1:07  Extractor  
  17  1:15  Spawning Pool  
  17  1:18  Drone  
  17  1:22  Drone  
  18  1:27  Drone  
  19  1:38  Overlord  
  19  2:02  Queen  
  19  2:03  Zergling x4  
  19  2:05  Queen  
  19  2:06  Zergling x2  
  26  2:10  Metabolic Boost  
  26  2:14  Drone  
  27  2:18  Drone  
  27  2:21  Drone  
  29  2:25  Drone  
  30  2:32  Drone  
  31  2:46  Zergling x2  
  31  2:47  Hatchery  
  31  2:50  Zergling x2  
  32  2:51  Zergling x2  
  32  2:57  Overlord  
  33  3:06  Baneling Nest  
  33  3:09  Drone  
  33  3:10  Drone  
  34  3:15  Zergling x6  
  37  3:22  Zergling x6  
  40  3:27  Overlord  
  40  3:31  Drone  
  40  3:33  Drone  
  41  3:35  Drone  
  41  3:37  Drone  
  43  3:44  Overlord  
  43  3:46  Drone  
  43  3:48  Drone  
  45  3:50  Drone  
  45  3:51  Baneling  
  45  3:54  Drone  
  47  3:58  Baneling  
  47  4:04  Zergling x2  
  47  4:05  Zergling x6  
  47  4:06  Zergling x2  
  47  4:08  Zergling x2  
  51  4:10  Zergling x2  
  51  4:12  Zergling x2  
  51  4:14  Zergling x2  
  52  4:20  Zergling x2  
  52  4:23  Zergling x8  
  52  4:25  Drone  
  52  4:28  Drone x2  
  52  4:29  Drone  
  54  4:31  Drone  
  54  4:34  Baneling x2  
  54  4:35  Baneling x2  
  55  4:39  Zergling x4  
  55  4:45  Evolution Chamber  
  56  4:51  Overlord  
  56  4:55  Drone  
  56  4:56  Drone x5  
  56  4:57  Drone  
  52  5:06  Zergling x12  
  57  5:14  Zergling x2  
  58  5:15  Queen  
  58  5:17  Zergling x4  
  61  5:22  Zerg Missile Weapons Level 1  
  61  5:24  Extractor  
  61  5:26  Queen  
  61  5:28  Zergling x2, Baneling x2  
  62  5:29  Zergling x2  
  62  5:33  Zergling x2  
  64  5:39  Drone x3  
  64  5:40  Queen  
  69  5:43  Baneling x2  
  69  5:49  Overlord  
  69  5:50  Drone x5  
  69  5:54  Baneling x3  
  69  5:55  Overlord  
  74  5:57  Overlord  
  74  6:10  Drone x5  
  76  6:15  Drone x4  
  76  6:16  Zergling x2  
  76  6:17  Zergling x2  
  76  6:18  Zergling x4  
  79  6:19  Lair  
  79  6:21  Zergling x2  
  78  6:25  Zergling x2  
  78  6:26  Zergling x4  
  78  6:30  Extractor  
  78  6:31  Extractor x3  
  78  6:32  Zergling x4  
  76  6:33  Zergling x2  
  76  6:39  Zergling x2  
  77  6:46  Zergling x4  
  79  6:47  Baneling x2  
  79  6:51  Zergling x6  
  79  6:52  Zergling x6  
  79  6:53  Zergling x2  
  79  6:54  Zergling x4  
  88  6:56  Zergling x2  
  88  6:57  Zergling x4  
  88  7:01  Baneling x2  
  91  7:04  Zergling x4  
  91  7:06  Overlord  
  93  7:15  Drone x3  
  94  7:20  Zergling x6  
  98  7:24  Overlord  
  98  7:25  Drone x3  
  98  7:28  Drone  
  98  7:29  Drone  
Show
View Real Time Build Order
Export as new Build Order

Stephano Zerg 

Build Orders: Hatch First 

Get SALT Encoding   

  12  0:01  Drone  
  13  0:12  Overlord  
  13  0:17  Drone  
  14  0:31  Drone x2  
  14  0:34  Drone  
  17  0:52  Hatchery  
  17  0:54  Drone  
  17  0:57  Extractor  
  17  0:59  Drone  
  17  1:13  Spawning Pool  
  17  1:17  Drone  
  17  1:20  Drone  
  18  1:28  Drone  
  19  1:40  Overlord  
  19  1:52  Drone  
  20  1:59  Queen, Metabolic Boost  
  22  2:03  Queen  
  22  2:05  Zergling x2  
  22  2:07  Zergling x2  
  26  2:12  Drone  
  26  2:15  Drone  
  28  2:23  Drone  
  28  2:27  Drone  
  30  2:33  Drone  
  31  2:39  Hatchery  
  30  2:48  Drone x2  
  32  2:52  Baneling Nest  
  32  2:55  Zergling x4  
  33  3:00  Queen  
  35  3:12  Zergling x2  
  36  3:13  Overlord  
  36  3:21  Overlord  
  36  3:32  Zergling x10  
  42  3:34  Drone x2  
  42  3:48  Baneling x3  
  42  3:50  Zergling x6  
  42  3:51  Drone  
  42  3:53  Drone x2  
  48  3:56  Drone  
  49  4:09  Zergling x2  
  46  4:10  Zergling x6  
  42  4:18  Zergling x4  
  40  4:24  Zergling x6  
  42  4:31  Drone x2  
  42  4:32  Drone  
  42  4:35  Baneling x4  
  42  4:36  Queen  
  47  4:39  Zergling x6  
  49  4:54  Zergling x14  
  52  5:04  Drone x3  
  52  5:05  Drone x3  
  52  5:06  Overlord  
  57  5:08  Drone  
  57  5:12  Zergling x2  
  57  5:13  Zergling x2  
  55  5:17  Zergling x2  
  55  5:18  Queen  
  55  5:21  Baneling  
  55  5:22  Baneling x2  
  55  5:27  Extractor  
  55  5:28  Extractor, Drone  
  55  5:29  Evolution Chamber  
  55  5:31  Drone  
  54  5:39  Drone x2  
  56  5:51  Drone x4  
  56  5:52  Drone, Overlord  
  56  5:54  Zergling x2  
  56  5:55  Zergling x6  
  65  5:58  Baneling x5  
  65  6:07  Queen  
  65  6:09  Overlord  
  65  6:14  Overlord  
  65  6:18  Zergling x10  
  63  6:29  Zergling x8  
  63  6:30  Zergling x6  
  67  6:37  Drone x2  
  67  6:39  Drone  
  63  6:42  Baneling x2  
  63  6:43  Baneling  
  63  6:44  Drone x2  
  63  6:45  Drone  
  66  6:49  Drone x2  
  66  6:53  Drone  
  68  7:01  Drone  
  68  7:06  Baneling, Drone  
  66  7:11  Drone x2  
  66  7:13  Roach Warren  
  66  7:14  Drone  
  64  7:17  Drone x3  
  64  7:19  Drone x2  
  65  7:22  Drone  
  65  7:23  Drone  
Tags
 
Add a new tag
Caveats
  • Supply blocks, unpowered buildings, or Contaminate may cause inaccurate times.
  • Supply counts are checked every 10 seconds.